Map: [ESL] Cosmic Sapphire

Players

ShoWTimE - Winner!

  • Race: Protoss Protoss
  • Spawn Location: 11:00

Solar

  • Race: Zerg Zerg
  • League: Master
  • Spawn Location: 5:00

Event: HomeStory Cup XXI

VOD

Have the link to the VOD?

Description

Time

  • Played on: July 23, 2022, 3:10 p.m.
  • Length: 18:47

All games in this series

Show
View Real Time Build Order
Export as new Build Order

ShoWTimE Protoss - Winner!

Build Orders: 1 Gate Expand, Oracle Opening 

Get SALT Encoding   

  12  0:00  Probe  
  13  0:12  Probe  
  14  0:17  Pylon  
  14  0:24  Probe (Chrono Boost)  
  15  0:36  Probe (Chrono Boost)  
  15  0:38  Gateway  
  16  0:45  Probe (Chrono Boost)  
  16  0:46  Assimilator  
  17  0:50  Probe  
  18  1:03  Probe  
  19  1:15  Probe  
  20  1:24  Nexus  
  20  1:27  Probe  
  21  1:37  Cybernetics Core  
  21  1:42  Assimilator  
  21  1:45  Probe  
  22  1:52  Pylon  
  22  1:58  Probe  
  23  2:10  Probe (Chrono Boost)  
  23  2:13  Adept  
  26  2:15  Stargate  
  26  2:21  Probe (Chrono Boost)  
  26  2:22  Warp Gate  
  27  2:26  Probe (Chrono Boost)  
  28  2:36  Probe (Chrono Boost)  
  30  2:42  Probe (Chrono Boost)  
  30  2:43  Stalker  
  33  2:45  Probe (Chrono Boost)  
  33  2:49  Probe (Chrono Boost)  
  33  2:50  Probe (Chrono Boost)  
  34  2:56  Oracle (Chrono Boost)  
  35  3:00  Probe  
  35  3:02  Probe  
  40  3:05  Pylon  
  40  3:13  Probe  
  40  3:14  Probe  
  42  3:24  Oracle (Chrono Boost)  
  42  3:25  Probe  
  42  3:26  Probe  
  47  3:34  Nexus  
  47  3:37  Pylon  
  47  3:39  Probe  
  48  3:41  Probe  
  48  3:46  Assimilator  
  49  3:50  Assimilator  
  49  3:53  Oracle (Chrono Boost), Probe x2  
  54  4:05  Probe x2  
  54  4:08  Pylon  
  56  4:15  Forge  
  56  4:16  Twilight Council  
  56  4:17  Probe  
  56  4:18  Probe  
  58  4:24  Robotics Facility  
  58  4:29  Probe  
  58  4:30  Probe  
  60  4:35  Gateway  
  60  4:36  Gateway  
  59  4:41  Probe (Chrono Boost)  
  59  4:42  Probe (Chrono Boost), Blink  
  59  4:43  Protoss Ground Weapons Level 1 (Chrono Boost)  
  61  4:53  Probe (Chrono Boost)  
  61  4:54  Probe x2 (Chrono Boost)  
  61  4:56  Shield Battery  
  64  5:02  Probe x3 (Chrono Boost)  
  64  5:03  Sentry  
  68  5:07  Probe (Chrono Boost)  
  68  5:08  Probe x2  
  70  5:15  Warp Prism  
  70  5:19  Probe  
  70  5:20  Probe x2, Gateway  
  75  5:27  Gateway  
  73  5:36  Probe x2  
  73  5:38  Pylon  
  73  5:41  Gateway  
  73  5:42  Gateway  
  75  5:45  Stalker  
  75  5:47  Probe  
  75  5:48  Probe  
  79  5:50  Gateway  
  79  5:51  Sentry  
  81  5:58  Stalker  
  83  6:04  Forge  
  83  6:07  Pylon  
  83  6:09  Nexus  
  83  6:12  Pylon  
  83  6:21  Stalker x5  
  93  6:26  Protoss Ground Armor Level 1 (Chrono Boost)  
  93  6:27  Probe x3  
  93  6:32  Photon Cannon  
  96  6:39  Probe x3, Shield Battery  
  99  6:40  Charge (Chrono Boost)  
  99  6:42  Photon Cannon  
  99  6:43  Phoenix  
  99  6:49  Zealot x2  
  99  6:52  Stalker  
  105  6:54  Protoss Ground Weapons Level 2 (Chrono Boost)  
  105  6:55  Stalker  
  105  6:59  Stalker x2  
  107  7:06  Probe x2  
  109  7:13  Pylon  
  109  7:15  Pylon  
  109  7:19  Photon Cannon  
  109  7:21  Probe x3  
  112  7:26  Probe  
  112  7:29  Stalker x2  
  117  7:30  Stalker x3  
  117  7:33  Probe  
  117  7:34  Stalker x2  
  128  7:37  Stalker  
  128  7:40  Probe x3  
  128  7:44  Pylon  
  133  7:45  Photon Cannon  
  133  7:57  Zealot  
  133  7:58  Zealot x2  
  139  8:02  Zealot x3  
  139  8:03  Pylon  
  139  8:05  Pylon, Zealot  
  147  8:14  Protoss Ground Armor Level 2 (Chrono Boost)  
  147  8:15  Probe  
  147  8:19  Pylon  
  148  8:21  Probe x2  
  148  8:23  Pylon  
  148  8:26  Zealot x6  
  162  8:29  Probe  
  162  8:32  Zealot x2  
  163  8:39  Probe x3  
  164  8:41  Probe  
  164  8:42  Photon Cannon  
  153  8:51  Probe x2  
  153  8:53  Pylon  
  153  8:54  Nexus  
  153  8:55  Zealot x5  
  143  8:57  Pylon  
  143  9:01  Stalker x2  
  155  9:09  Probe  
  152  9:12  Probe x2  
  152  9:13  Probe  
  145  9:18  Zealot x4  
  145  9:19  Zealot  
  151  9:28  Protoss Ground Weapons Level 3 (Chrono Boost)  
  151  9:31  Pylon  
  151  9:37  Stalker x3  
  157  9:41  Zealot x5  
  157  9:45  Probe (Chrono Boost)  
  148  9:46  Probe (Chrono Boost)  
  148  9:49  Probe (Chrono Boost)  
  148  9:50  Probe (Chrono Boost)  
  135  9:57  Probe (Chrono Boost)  
  135  9:58  Probe (Chrono Boost)  
  139  10:03  Probe x3 (Chrono Boost)  
  139  10:04  Probe (Chrono Boost)  
  137  10:08  Probe  
  137  10:10  Zealot x2  
  137  10:11  Templar Archives, Probe x3, Zealot x2  
  137  10:12  Probe  
  136  10:20  Probe  
  133  10:24  Zealot x4  
  133  10:25  Zealot x4  
  124  10:45  Stalker  
  124  10:46  Stalker x7  
  133  10:50  Shield Battery  
  133  10:56  Probe x4  
  123  11:05  Protoss Shields Level 1 (Chrono Boost)  
  123  11:08  Probe x4  
  117  11:15  Photon Cannon  
  117  11:17  Shield Battery  
  117  11:20  Probe x3  
  117  11:21  Probe  
  121  11:32  Probe x3  
  121  11:33  Probe  
  121  11:35  Zealot x7  
  121  11:36  Zealot  
  139  11:44  Probe  
  137  12:03  Photon Cannon, High Templar x4  
  137  12:05  Zealot x3  
  137  12:06  Pylon  
  137  12:07  Archon x2  
  141  12:09  Assimilator  
  141  12:11  Probe x2, Assimilator  
  137  12:16  Nexus  
  137  12:18  Pylon  
  137  12:19  Pylon  
  137  12:24  Gateway x2  
  137  12:28  Stalker  
  139  12:30  Photon Cannon  
  139  12:33  Shield Battery  
  139  12:37  Zealot x7  
  153  12:55  Protoss Ground Armor Level 3 (Chrono Boost)  
  151  13:06  Zealot x8  
  151  13:08  Photon Cannon  
  151  13:09  Shield Battery  
  151  13:10  Probe  
  151  13:11  Probe x3  
  151  13:12  Pylon, Protoss Shields Level 2 (Chrono Boost)  
  159  13:21  Unknown  
  159  13:23  Probe  
  160  13:30  Zealot x7  
  174  13:35  Zealot x2  
  178  13:43  Stalker  
  161  13:55  Stalker x3  
  122  13:56  Zealot x4  
  122  14:01  Zealot x2  
  134  14:09  Zealot  
  128  14:23  High Templar x4  
  128  14:24  High Templar x2  
  132  14:27  Nexus  
  132  14:28  Archon x3, Assimilator  
  132  14:29  Pylon  
  132  14:31  Assimilator, Zealot  
  134  14:53  Pylon  
  134  14:54  Zealot x4  
  134  14:58  Zealot x4  
  148  15:09  Nexus  
  146  15:15  Photon Cannon, Zealot x2  
  146  15:16  Zealot x2  
  146  15:18  Shield Battery  
  146  15:19  High Templar x3  
  146  15:20  High Templar  
  160  15:23  Archon  
  160  15:26  Archon  
  157  15:38  High Templar x5  
  167  15:43  Archon x2  
  167  15:44  High Templar  
  167  15:49  Archon  
  167  15:51  Probe x2  
  167  15:53  Probe x3  
  167  15:55  Zealot  
  167  15:56  Zealot x3  
  172  16:06  Oracle (Chrono Boost)  
  172  16:07  Gateway  
  172  16:09  Gateway  
  175  16:12  Probe  
  175  16:13  Photon Cannon, Probe x2  
  175  16:15  Photon Cannon  
  175  16:17  High Templar x4  
  186  16:21  Archon x2  
  186  16:23  Stalker x5  
  193  16:27  Stalker  
  195  16:45  Pylon  
  195  16:47  Pylon  
  173  17:06  Zealot x10  
  179  17:10  Probe x3  
  179  17:11  Probe x2  
  164  17:27  Zealot x10  
  160  17:48  Observer  
  147  17:57  High Templar x9  
  147  17:58  High Templar x2, Zealot  
  149  18:04  Archon x5  
  149  18:08  Robotics Bay  
  149  18:09  Robotics Facility  
  149  18:15  Shield Battery  
  147  18:21  Observer  
  147  18:24  High Templar  
  144  18:30  Zealot x4  
  144  18:31  Zealot x7  
Show
View Real Time Build Order
Export as new Build Order

Solar Zerg 

Build Orders: Hatch First 

Get SALT Encoding   

  12  0:00  Drone  
  13  0:12  Overlord  
  13  0:17  Drone  
  14  0:31  Drone x2  
  16  0:47  Hatchery  
  15  0:51  Drone  
  15  0:54  Drone  
  17  0:57  Drone  
  18  1:09  Extractor  
  17  1:13  Spawning Pool  
  17  1:15  Drone  
  17  1:19  Drone  
  18  1:28  Drone  
  19  1:38  Drone  
  20  1:50  Overlord  
  20  1:59  Queen x2  
  20  2:00  Zergling x4  
  26  2:09  Metabolic Boost  
  26  2:10  Drone  
  26  2:12  Drone  
  28  2:20  Drone  
  28  2:22  Drone  
  30  2:35  Hatchery  
  29  2:39  Drone  
  29  2:44  Queen  
  30  2:48  Overlord  
  32  2:51  Drone  
  32  2:55  Drone x2  
  32  2:57  Drone  
  36  3:08  Drone x4  
  40  3:12  Queen  
  40  3:16  Drone  
  40  3:18  Overlord  
  43  3:21  Drone  
  44  3:32  Overlord  
  44  3:36  Queen  
  44  3:38  Drone x2  
  48  3:44  Drone x2  
  48  3:46  Zergling x2  
  48  3:47  Queen  
  53  3:49  Evolution Chamber  
  53  3:52  Spore Crawler  
  53  3:55  Drone x4  
  55  3:57  Drone x2  
  55  4:00  Extractor  
  56  4:05  Spore Crawler, Drone  
  56  4:07  Drone x2  
  59  4:10  Overlord  
  59  4:15  Zergling x4, Zerg Melee Weapons Level 1  
  59  4:16  Zergling x2  
  62  4:18  Zergling x2  
  63  4:25  Drone x3  
  63  4:26  Overlord  
  63  4:29  Drone x2  
  68  4:32  Queen  
  68  4:36  Drone x2  
  68  4:38  Drone  
  72  4:39  Overlord  
  72  4:42  Drone  
  71  4:46  Drone x3  
  74  4:59  Drone x2  
  76  5:00  Baneling Nest  
  76  5:03  Zergling x4  
  76  5:04  Overlord, Hatchery  
  76  5:05  Drone  
  77  5:08  Lair  
  77  5:09  Drone x2  
  77  5:11  Extractor  
  77  5:12  Extractor  
  77  5:13  Drone x2  
  78  5:15  Drone  
  78  5:16  Drone  
  78  5:17  Drone x2  
  78  5:20  Spore Crawler, Drone x2  
  82  5:21  Zergling x2  
  82  5:22  Zergling x2  
  82  5:24  Zergling x2  
  82  5:25  Zergling x2  
  86  5:30  Zergling x2  
  86  5:31  Overlord  
  86  5:33  Drone  
  86  5:35  Zergling x2  
  86  5:36  Roach Warren, Zergling x4  
  87  5:46  Drone  
  87  5:47  Extractor  
  86  5:51  Drone x3  
  86  5:53  Drone  
  90  5:59  Zergling x12  
  90  6:03  Extractor, Zergling x6  
  98  6:14  Zergling x6  
  98  6:15  Overlord  
  98  6:16  Drone  
  98  6:17  Drone  
  101  6:19  Queen  
  101  6:20  Drone x3  
  101  6:22  Glial Reconstitution, Zerg Melee Weapons Level 2  
  106  6:28  Drone x3  
  106  6:29  Drone x2  
  111  6:34  Roach x3  
  111  6:35  Roach  
  111  6:36  Evolution Chamber  
  111  6:38  Overlord x2  
  118  6:40  Overlord  
  118  6:41  Hatchery  
  118  6:44  Drone x3  
  118  6:45  Overlord  
  120  6:47  Overlord  
  120  6:48  Overlord  
  120  6:56  Centrifugal Hooks  
  120  6:57  Drone  
  120  6:58  Spore Crawler  
  120  6:59  Drone  
  120  7:00  Zergling x18  
  120  7:01  Zergling x2  
  124  7:05  Zergling x4  
  123  7:11  Roach x3, Overseer  
  123  7:13  Zerg Ground Armor Level 1  
  123  7:14  Overlord  
  129  7:16  Roach x2  
  129  7:17  Roach  
  129  7:22  Zergling x6  
  138  7:27  Overlord  
  138  7:32  Roach x3, Zergling x8  
  138  7:35  Zergling x2  
  148  7:37  Zergling x2  
  148  7:42  Zergling x8  
  148  7:43  Baneling x10  
  153  7:45  Zergling x2  
  153  7:49  Overlord  
  153  7:50  Zergling x2  
  153  7:51  Zergling x2  
  156  7:53  Zergling x2  
  156  7:54  Zergling x2  
  156  7:55  Zergling x2  
  156  7:57  Roach x3  
  165  7:58  Zergling x8  
  165  8:01  Zergling x8  
  172  8:08  Overlord  
  172  8:13  Zergling x12  
  172  8:18  Baneling x14, Hatchery  
  177  8:22  Zergling x6  
  177  8:24  Zergling x2  
  176  8:28  Zergling x6  
  176  8:34  Zergling x12  
  185  8:39  Baneling x25  
  185  8:40  Zergling x6  
  183  8:45  Zergling x6  
  178  8:49  Zergling x2  
  171  8:55  Zergling x4  
  171  8:56  Zergling x2  
  171  8:59  Baneling  
  171  9:00  Baneling x10  
  173  9:03  Zergling x8  
  173  9:09  Zergling x2  
  173  9:10  Zergling x4  
  173  9:11  Zergling x14  
  173  9:12  Zergling x2  
  173  9:14  Overlord  
  173  9:16  Drone  
  179  9:20  Baneling x7  
  179  9:22  Zergling x2  
  180  9:24  Baneling x4  
  180  9:28  Zergling x2  
  180  9:29  Zergling x4  
  180  9:33  Drone x3  
  180  9:37  Zergling x10  
  178  9:40  Queen x2  
  178  9:41  Queen x2  
  179  9:47  Hatchery  
  179  9:49  Zergling x8  
  179  9:51  Ravager x5  
  181  9:53  Zergling x4  
  181  9:56  Zergling x6  
  181  9:58  Zergling x4  
  181  9:59  Zergling x2  
  188  10:02  Zergling x4  
  188  10:06  Zergling x4  
  186  10:11  Roach  
  186  10:15  Zergling x8  
  186  10:16  Zergling x2  
  186  10:18  Zergling x12  
  186  10:21  Zergling x2  
  195  10:22  Baneling x8  
  183  10:29  Zergling x6  
  183  10:31  Roach  
  168  10:36  Roach  
  168  10:39  Roach  
  168  10:40  Roach  
  166  10:43  Roach  
  166  10:44  Zergling x2  
  159  10:53  Roach x3  
  150  10:58  Zergling x2  
  150  11:02  Zergling x6  
  150  11:04  Zerg Missile Weapons Level 1  
  139  11:09  Queen  
  139  11:10  Zergling x4  
  137  11:12  Queen x3  
  137  11:14  Zergling x4  
  137  11:16  Zergling x8  
  149  11:19  Baneling x13  
  149  11:21  Zergling x2  
  149  11:25  Zergling x4  
  152  11:29  Zergling x6  
  152  11:31  Zergling x8, Hatchery  
  152  11:32  Zergling x2  
  158  11:33  Zergling x2  
  158  11:34  Zergling x2  
  158  11:38  Zergling x2  
  158  11:39  Zergling x6  
  163  11:44  Zergling x6  
  166  11:50  Zergling x8  
  165  11:59  Zergling x14  
  165  12:00  Zergling x2  
  165  12:01  Zergling x4  
  165  12:04  Zergling x6  
  162  12:11  Zergling x6  
  163  12:20  Baneling  
  163  12:21  Baneling x10  
  165  12:23  Ravager x5  
  165  12:25  Zergling x8  
  165  12:28  Zergling x4  
  174  12:30  Zergling x2  
  174  12:31  Zergling x2  
  174  12:35  Ravager, Zergling x6  
  180  12:37  Zergling x2  
  180  12:38  Zergling x2  
  180  12:40  Zergling x2  
  180  12:41  Zergling x2  
  184  12:45  Zergling x6  
  184  12:49  Drone x3  
  184  12:50  Drone  
  191  12:56  Zergling x8  
  191  12:58  Zergling x2  
  194  12:59  Zergling x2  
  194  13:00  Zergling x2  
  194  13:01  Zergling x2  
  191  13:13  Hatchery  
  191  13:14  Zergling x6  
  191  13:18  Baneling x6  
  191  13:19  Baneling  
  193  13:20  Ravager  
  193  13:23  Baneling x6  
  193  13:24  Zergling x2  
  195  13:29  Zergling x6  
  195  13:33  Zergling x2  
  199  13:36  Roach  
  193  13:42  Roach  
  193  13:43  Roach x4  
  193  13:46  Zergling x4  
  188  13:51  Roach x2  
  188  13:54  Roach x2  
  182  13:56  Zergling x2  
  182  13:57  Zergling x2  
  182  13:59  Roach  
  163  14:20  Zergling x18, Hatchery  
  163  14:22  Ravager x2  
  173  14:24  Baneling x3  
  173  14:28  Zergling x6  
  177  14:32  Hatchery  
  177  14:33  Drone  
  177  14:35  Overlord  
  177  14:37  Baneling x5  
  175  14:44  Zerg Ground Armor Level 2  
  175  14:47  Zergling x4  
  175  14:50  Zergling x2  
  178  14:55  Zergling x8  
  178  14:59  Zergling x6  
  179  15:04  Zergling x4  
  179  15:05  Infestation Pit  
  174  15:12  Zergling x8  
  174  15:13  Zergling x2  
  175  15:20  Baneling x6  
  175  15:21  Baneling x6  
  175  15:26  Drone x2  
  176  15:29  Zergling x2  
  176  15:30  Zergling x4  
  176  15:33  Zergling x2  
  180  15:41  Pathogen Glands  
  178  15:47  Burrow  
  169  16:13  Infestor x9  
  169  16:16  Infestor  
  189  16:20  Zergling x6  
  189  16:25  Zergling x8  
  189  16:28  Zergling x4  
  189  16:32  Zergling x4  
  193  16:37  Neural Parasite  
  193  16:40  Zergling x2  
  193  16:41  Zergling x8  
  193  16:45  Baneling x5  
  193  16:46  Roach  
  197  16:49  Baneling x4  
  197  16:50  Zergling x6  
  193  16:55  Zergling x4  
  193  16:59  Roach x3  
  179  17:05  Roach x2  
  179  17:07  Roach x2  
  151  17:16  Infestor  
  151  17:18  Roach  
  151  17:19  Roach x3, Infestor x10  
  138  17:25  Zergling x4  
  138  17:28  Zergling x2  
  138  17:29  Zergling x2  
  135  17:35  Zergling x4  
  135  17:43  Zergling x6  
  131  17:48  Zergling x4  
  105  17:52  Zergling x2  
  105  17:57  Zergling x4  
  98  18:00  Ravager  
  98  18:02  Roach  
  94  18:10  Zergling x4  
  96  18:14  Roach  
  96  18:18  Zergling x6  
  99  18:26  Zergling x6  
Tags
 
Add a new tag
Caveats
  • Supply blocks, unpowered buildings, or Contaminate may cause inaccurate times.
  • Supply counts are checked every 10 seconds.